cohdb
Replays
Latest Replays
All Replays
Popular Replays
Top Player Replays
Match Explorer
How It Works
Community
CoH3 Stats
Reddit
Sign in to upload your games and track your stats! →
Sign in with Steam
Match 46560654
Unlisted
Match 46560654
Overview
Messages
Build Orders
End
Panzergrenadier Squad
Kradschützen Motorcycle Team
Selects Armored Support Battlegroup
Panzergrenadier Squad
Construct Light Support Kompanie
2.5-tonne Medical Truck
Selects Superior Fire Drills
Panzerjäger Squad
Construct Mechanized Kompanie
254 Reconnaissance Tractor
Combat Half-tracks
Support Armor Elements
Veteran Squad Leaders
Emergency Repair Kits
Construct Panzerarmee Kommand
Selects Flammpanzer III Medium Tank
Tungsten Core Ammunition
Panzer III L Medium Tank
Rapid Advance
Panzer III L Medium Tank
Selects Command Panzer IV F Medium Tank
Selects Vehicle Awareness
Vehicle Awareness
Spielführer
Sokol(c)
XuZhongwei
3+++
0
0
Comments
sign in to comment!
No comments posted yet!